 Dungeon Crawl Stone Soup version 0.23.2-30-g0e89c35649 (webtiles) character file.

Game seed: 5484907014874893551

329 Hatywr the Magician (level 6, -5/44 HPs)
             Began as a Gnoll Wizard on June 22, 2019.
             Killed by divine providence
             ... invoked by an orc priest
              (14 damage)
             ... on level 4 of the Dungeon.
             The game lasted 00:08:22 (3151 turns).

Hatywr the Magician (Gnoll Wizard)                  Turns: 3151, Time: 00:08:23

Health: -5/44      AC:  6    Str: 10    XL:     6   Next: 51%
Magic:  1/16       EV: 14    Int: 22    God:
Gold:   246        SH:  0    Dex: 13    Spells: 8/19 levels left

rFire    . . .     SeeInvis .   p - +0 trident
rCold    . . .     Gourm    .   (no shield)
rNeg     . . .     Faith    .   r - +1 robe
rPois    .         Spirit   .   b - +0 hat
rElec    .         Reflect  .   m - +0 cloak
rCorr    .         Harm     .   e - +1 pair of gloves
MR       .....                  (no boots)
Stlth    +++.......             (no amulet)
HPRegen  0.14/turn              (no ring)
MPRegen  0.15/turn              (no ring)

@: very slightly contaminated
A: distributed training, fangs 1, strong nose
a: no special abilities


You were on level 4 of the Dungeon.
You were hungry.

You visited 1 branch of the dungeon, and saw 5 of its levels.

You collected 246 gold pieces.

Inventory:

Hand Weapons
 n - a +0 dagger
 p - a +0 trident (weapon)
Armour
 a - a +0 robe
 b - a +0 hat (worn)
 e - a +1 pair of gloves (worn)
 m - a +0 cloak (worn)
 r - a +1 robe (worn)
Scrolls
 c - a scroll of enchant armour {unknown}
 f - 4 scrolls of identify {unknown}
 i - a scroll of teleportation {unknown}
 l - a scroll of magic mapping {unknown}
Potions
 h - a potion of mutation {unknown}
 j - a potion of brilliance {unknown}
 k - a potion of degeneration {unknown}
 o - a potion of resistance {unknown}
 q - 3 potions of haste {unknown}
Comestibles
 d - 3 rations


   Skills:
 + Level 2.0 Fighting
 + Level 2.0 Short Blades
 + Level 2.0 Long Blades
 + Level 2.0 Axes
 + Level 2.0 Maces & Flails
 + Level 2.0 Polearms
 + Level 2.0 Staves
 + Level 2.0 Slings
 + Level 2.0 Bows
 + Level 2.0 Crossbows
 + Level 2.0 Throwing
 + Level 2.0 Armour
 + Level 5.0 Dodging
 + Level 4.6 Stealth
 + Level 2.0 Shields
 + Level 2.0 Unarmed Combat
 + Level 7.4 Spellcasting
 + Level 2.6 Conjurations
 + Level 1.5 Hexes
 + Level 1.5 Charms
 + Level 2.6 Summonings
 + Level 1.5 Necromancy
 + Level 2.6 Translocations
 + Level 1.5 Transmutations
 + Level 1.5 Fire Magic
 + Level 1.5 Ice Magic
 + Level 1.5 Air Magic
 + Level 1.5 Earth Magic
 + Level 1.5 Poison Magic
 + Level 2.1 Invocations
 + Level 2.0 Evocations


You had 8 spell levels left.
You knew the following spells:

 Your Spells              Type           Power        Failure   Level  Hunger
a - Magic Dart            Conj           ###.         2%          1    None
b - Call Imp              Summ           ###.....     4%          2    None
c - Blink                 Tloc           N/A          4%          2    None
d - Mephitic Cloud        Conj/Pois/Air  ###.....     11%         3    None
e - Conjure Flame         Conj/Fire      ###.....     10%         3    None

Your spell library contained the following spells:

 Spells                   Type           Power        Failure   Level  Hunger
 Slow                     Hex            ###.....     6%          2    None


Dungeon Overview and Level Annotations

Branches:
Dungeon (5/15)
 Temple: D:4-7

Altars:
Fedhas
Hepliaklqana
Kikubaaqudgha
Uskayaw
The Shining One

Shops:
D:5 [:


Innate Abilities, Weirdness & Mutations

Your experience applies equally to all skills.
You have very sharp teeth.
Your uncanny sense of smell can sniff out nearby items.


Message History

Something hits your iron imp.
Your iron imp dies!
Your white imp hits the orc.
Your white imp freezes the orc.
Your crimson imp misses the orc.
Your white imp hits the orc.
The orc dies!
Your crimson imp blinks!
Your white imp gestures at the orc priest.
The puff of frost hits something!
Something hits your white imp.
Your white imp closely misses the orc priest.
Your crimson imp hits something.
The orc priest mumbles some strange prayers to Beogh against you.
Beogh smites you!
* * * LOW HITPOINT WARNING * * *
Something hits your white imp but does no damage.
Your white imp hits the orc priest but does no damage.
The orc priest calls down the wrath of Beogh upon you.
Beogh smites you!
You die...

. ...............# ..
.......?......# #
.....###.##.........##.#
#..#........#....._....#
#..####............(....
#..##....#.)5{5........#
##...##.##...#.o._..⌠.)_.. #
#..#.#.[.................. .##
#.##<#...@.............$.o
..######.#..........#......_....o
...##...............#............
......##.##.#....≈≈≈#.........##.
......##.##...#≈≈≈≈≈≈≈≈≈#.?#### .
...##.##.##..#≈≈≈≈≈≈≈≈#####
..>##.#...#..####≈≈≈###
..###.......... ##### .##
##....#.... K.


You could see an orc priest, a friendly crimson imp and a friendly white imp.

Vanquished Creatures
  Sigmund (D:3)
  An iguana (D:4)
  A howler monkey skeleton (D:4)
  5 adders
  An ooze (D:2)
  2 worms
  2 dart slugs
  9 leopard geckos
  An orc (D:3)
  9 bats
  A giant cockroach (D:3)
  7 hobgoblins
  2 kobolds (D:3)
  A quokka (D:2)
  A ball python (D:1)
  5 frilled lizards
  7 goblins
  6 rats
62 creatures vanquished.

Vanquished Creatures (collateral kills)
  A phantom (D:2)
  A centaur skeleton (D:5)
  An orc (D:4)
  A hobgoblin (D:3)
  A quokka skeleton (D:4)
5 creatures vanquished.

Grand Total: 67 creatures vanquished

Notes
Turn   | Place    | Note
-------+----------+-------------------------------------------
     0 | D:1      | Hatywr the Gnoll Wizard began the quest for the Orb.
     0 | D:1      | Reached XP level 1. HP: 13/13 MP: 8/8
   199 | D:1      | Reached XP level 2. HP: 19/19 MP: 7/10
   489 | D:1      | Learned a level 2 spell: Call Imp
   492 | D:1      | Learned a level 2 spell: Blink
   783 | D:2      | Reached XP level 3. HP: 25/25 MP: 7/11
   828 | D:2      | Noticed a phantom
   895 | D:2      | HP: 1/25 [phantom (7)]
   915 | D:2      | Killed a phantom
   915 | D:2      | Reached skill level 1 in Fighting
   915 | D:2      | Reached skill level 1 in Short Blades
   915 | D:2      | Reached skill level 1 in Long Blades
   915 | D:2      | Reached skill level 1 in Axes
   915 | D:2      | Reached skill level 1 in Maces & Flails
   915 | D:2      | Reached skill level 1 in Polearms
   915 | D:2      | Reached skill level 1 in Staves
   915 | D:2      | Reached skill level 1 in Slings
   915 | D:2      | Reached skill level 1 in Bows
   915 | D:2      | Reached skill level 1 in Crossbows
   915 | D:2      | Reached skill level 1 in Throwing
   915 | D:2      | Reached skill level 1 in Armour
   915 | D:2      | Reached skill level 1 in Shields
   915 | D:2      | Reached skill level 1 in Unarmed Combat
   915 | D:2      | Reached skill level 1 in Invocations
   915 | D:2      | Reached skill level 1 in Evocations
   915 | D:2      | Reached XP level 4. HP: 3/32 MP: 0/13
  1352 | D:2      | Reached skill level 1 in Hexes
  1352 | D:2      | Reached skill level 1 in Charms
  1352 | D:2      | Reached skill level 1 in Necromancy
  1352 | D:2      | Reached skill level 1 in Transmutations
  1352 | D:2      | Reached skill level 1 in Fire Magic
  1352 | D:2      | Reached skill level 1 in Ice Magic
  1352 | D:2      | Reached skill level 1 in Air Magic
  1352 | D:2      | Reached skill level 1 in Earth Magic
  1352 | D:2      | Reached skill level 1 in Poison Magic
  1509 | D:2      | Reached XP level 5. HP: 36/37 MP: 5/14
  1848 | D:2      | Found a hazy altar of Hepliaklqana.
  2514 | D:3      | Noticed Sigmund
  2542 | D:3      | Killed Sigmund
  2542 | D:3      | Reached XP level 6. HP: 31/44 MP: 0/16
  2774 | D:3      | Learned a level 3 spell: Mephitic Cloud
  2778 | D:3      | Learned a level 3 spell: Conjure Flame
  2937 | D:4      | You fall through a shaft!
  2937 | D:5      | Entered Level 5 of the Dungeon
  2937 | D:5      | Found Araci's Armour Emporium.
  2951 | D:5      | Found Uciat's Book Emporium.
  3080 | D:4      | Reached skill level 5 in Dodging
  3113 | D:4      | Found a hide-covered altar of Uskayaw.
  3120 | D:4      | Found an ancient bone altar of Kikubaaqudgha.
  3120 | D:4      | Found a glowing golden altar of the Shining One.
  3123 | D:4      | Found a blossoming altar of Fedhas.
  3151 | D:4      | Killed from afar by an orc priest

Skill      XL: |  1  2  3  4  5  6 |
---------------+-------------------+-----
Conjurations   | 2 |  2.6
Summonings     | 2 |  2.6
Translocations | 2 |  2.6
Fighting       | 1 2 |  2.0
Short Blades   | 1 2 |  2.0
Long Blades    | 1 2 |  2.0
Axes           | 1 2 |  2.0
Maces & Flails | 1 2 |  2.0
Polearms       | 1 2 |  2.0
Staves         | 1 2 |  2.0
Slings         | 1 2 |  2.0
Bows           | 1 2 |  2.0
Crossbows      | 1 2 |  2.0
Throwing       | 1 2 |  2.0
Armour         | 1 2 |  2.0
Shields        | 1 2 |  2.0
Unarmed Combat | 1 2 |  2.0
Invocations    | 1 2 |  2.1
Evocations     | 1 2 |  2.0
Hexes          | 1 |  1.5
Charms         | 1 |  1.5
Necromancy     | 1 |  1.5
Transmutations | 1 |  1.5
Fire Magic     | 1 |  1.5
Ice Magic      | 1 |  1.5
Air Magic      | 1 |  1.5
Earth Magic    | 1 |  1.5
Poison Magic   | 1 |  1.5
Dodging        | 5 |  5.0
Stealth        | |  4.6
Spellcasting   | |  7.4

Action                   |  1- 3 |  4- 6 || total
-------------------------+-------+-------++-------
Melee: Unarmed           |    11 |     1 ||    12
       Bite              |     1 |     1 ||     2
       Dagger            |       |    13 ||    13
       Trident           |       |     8 ||     8
 Cast: Magic Dart        |    50 |   121 ||   171
       Call Imp          |     4 |    19 ||    23
  Use: Potion            |     1 |       ||     1
  Eat: Chunk             |       |     6 ||     6
Armor: Robe              |     4 |    10 ||    14
Dodge: Dodged            |    19 |    50 ||    69
